 Dungeon Sprint DCSS version 0.30.1-4-g462c640d31 (webtiles) character file.

Game seed: 2832016225343898247

73 fingers the Conjurer (level 4, -2/37 HPs)
             Began as a Gnoll Wanderer on Sept 7, 2023.
             Was an Initiate of Dithmenos.
             Slain by a draconian
             ... wielding a +0 morningstar
              (7 damage)
             ... in the Dungeon (Sprint V: "Ziggurat Sprint").
             The game lasted 00:01:53 (213 turns).

fingers the Conjurer (Gnoll Wanderer)                Turns: 213, Time: 00:01:54

Health: -2/37      AC: 18    Str: 10    XL:     4   Next: 27%
Magic:  11/11      EV:  6    Int: 14    God:    Dithmenos [......]
Gold:   0          SH:  0    Dex: 24    Spells: 14/14 levels left

rFire   + . .        D - +5 quick blade
rCold   + . .        (no shield)
rNeg    . . .        E - +5 shadow dragon scales
rPois   +            (no helmet)
rElec   +            F - +0 cloak {rPois}
rCorr   +            (no gloves)
SInv    .            (no boots)
Will    .....        (no amulet)
Stlth   ++++         u - +6 ring of dexterity
HPRegen 0.26/turn    t - +6 ring of dexterity
MPRegen 0.12/turn

%: no teleportation
@: mighty, resistant
A: fangs 1, strong nose, distributed training
a: Renounce Religion


You were in the Dungeon.
You worshipped Dithmenos.
Dithmenos was noncommittal.
You visited 1 branch

Inventory:

Hand Weapons
 a - a +0 club
 D - a +5 quick blade (weapon)
Armour
 c - a +0 robe
 E - +5 shadow dragon scales (worn)
 F - a +0 cloak of poison resistance (worn)
Jewellery
 s - a ring of flight
 t - a +6 ring of dexterity (right hand)
 u - a +6 ring of dexterity (left hand)
 v - a +6 ring of intelligence
 w - a +6 ring of intelligence
 x - a +6 ring of strength
 y - a +6 ring of strength
Wands
 z - a wand of mindburst (7)
 A - a wand of iceblast (3) (quivered)
 B - a wand of quicksilver (7)
 C - a wand of flame (19)
Scrolls
 b - 5 scrolls of blinking
 d - a scroll of teleportation
 o - 4 scrolls of amnesia
 p - 7 scrolls of fog
 q - 5 scrolls of identify
 r - a scroll of fear
Potions
 e - 10 potions of curing
 f - 6 potions of heal wounds
 g - 6 potions of haste
 h - 7 potions of magic
 i - 3 potions of berserk rage
 j - 2 potions of brilliance
 k - a potion of invisibility
 l - 3 potions of resistance
 m - a potion of experience
 n - 4 potions of might


   Skills:
 + Level 3.7 Fighting
 + Level 2.6 Short Blades
 + Level 2.6 Long Blades
 + Level 2.6 Axes
 + Level 2.6 Maces & Flails
 + Level 2.6 Polearms
 + Level 2.6 Staves
 + Level 2.6 Ranged Weapons
 + Level 2.6 Throwing
 + Level 2.6 Armour
 + Level 3.7 Dodging
 + Level 3.6 Stealth
 + Level 2.6 Shields
 + Level 2.6 Unarmed Combat
 + Level 5.7 Spellcasting
 + Level 5.9 Conjurations
 + Level 2.1 Hexes
 + Level 2.1 Summonings
 + Level 2.1 Necromancy
 + Level 2.1 Translocations
 + Level 2.1 Transmutations
 + Level 2.1 Fire Magic
 + Level 2.1 Ice Magic
 + Level 2.1 Air Magic
 + Level 2.1 Earth Magic
 + Level 3.1 Poison Magic
 + Level 3.0 Invocations
 + Level 3.7 Evocations


You had 14 spell levels left.
You didn't know any spells.
Your spell library contained the following spells:

 Spells                   Type           Power      Damage    Failure   Level
 Shock                    Conj/Air       60%        1d6       91%         1
 Momentum Strike          Conj/Tloc      30%        3d8       97%         2
 Static Discharge         Conj/Air       30%        2-4/arc   97%         2
 Sting                    Tmut/Pois      44%        1d5       98%         1
 Spider Form              Tmut/Pois      11%        N/A       100%        3


Dungeon Overview and Level Annotations

Branches:
Dungeon (1/1)

Altars:
Ashenzari
Cheibriados
Dithmenos
Elyvilon
Fedhas
Gozag
Hepliaklqana
Kikubaaqudgha
Makhleb
Nemelex Xobeh
Okawaru
Qazlal
Ru
Sif Muna
Trog
Uskayaw
Vehumet
Wu Jian
Xom
Yredelemnul
Zin
The Shining One
Jiyva
Lugonu

Annotations:
D 1 transporter


Innate Abilities, Weirdness & Mutations

You have very sharp teeth.
Your uncanny sense of smell can sniff out nearby items.
Your experience applies equally to all skills.


Message History

You feel much better.
The draconian hits you but does no damage.
The draconian hits you with a +0 hand axe!
The draconian hits you with a +0 hand axe.
You feel much better.
The draconian hits you with a +0 morningstar.
The draconian hits you but does no damage. x2
You feel protected.
The draconian hits you but does no damage. x2
The draconian barely misses you.
You feel very mighty all of a sudden.
The draconian hits you but does no damage. x2
The draconian barely misses you.
You hit the draconian.
The draconian is heavily wounded.
The draconian hits you with a +0 morningstar!
The draconian hits you with a +0 hand axe.
The draconian hits you but does no damage.
You completely miss the draconian.
The draconian is heavily wounded.
You hit the draconian.
The draconian is heavily wounded.
The draconian hits you with a +0 morningstar.
The draconian hits you with a +0 hand axe.
* * * LOW HITPOINT WARNING * * *
The draconian hits you but does no damage.
You hit the draconian.
The draconian is severely wounded.
You puncture the draconian!
The draconian is almost dead.
The draconian hits you with a +0 morningstar.
* * * LOW HITPOINT WARNING * * *
The draconian barely misses you.
The draconian hits you but does no damage.
You puncture the draconian!
The draconian is almost dead.
You hit the draconian but do no damage.
The draconian is almost dead.
The draconian hits you with a +0 morningstar!
You die...

▓▓▓▓▓▓▓▓▓▓▓▓▓
▓.8©8.▓.8©8.▓
∆∆∆
▓.))|.▓.....▓
∆
▓.....▓.)...▓
▓.ddd.▓.....▓
▓..@..▓.....▓
▓.....▓..©..▓
▓..©..▓▓▓▓▓▓▓
▓▓▓▓▓▓▓ ∆∆∆
∆∆∆ ∆ ∆ ∆


You could see 3 draconians.

Vanquished Creatures
  A phantom (D)
  A bat skeleton (D)
2 creatures vanquished.

Notes
Turn   | Place    | Note
-------+----------+-------------------------------------------
     0 | D        | fingers the Gnoll Wanderer began the quest for the Orb.
     0 | D        | fingers set off with the following items: a +0 club, 2
                  | scrolls of blinking, a +0 robe, a scroll of teleportation,
                  | a potion of curing, a potion of heal wounds, a potion of
                  | haste, 2 potions of magic, a potion of berserk rage; and
                  | the following spells available to memorise: Shock, Momentum
                  | Strike, Static Discharge, Sting, Spider Form.
     0 | D        | Reached XP level 1. HP: 17/17 MP: 6/6
     0 | D        | Found a shimmering blue altar of Sif Muna.
     0 | D        | Found a bloodstained altar of Trog.
     0 | D        | Found a sacrificial altar of Ru.
     0 | D        | Found a stormy altar of Qazlal.
     0 | D        | Found an iron altar of Okawaru.
     1 | D        | Found a sparkling altar of Nemelex Xobeh.
     1 | D        | Found a blossoming altar of Fedhas.
     1 | D        | Found the +6 Majin-Bo {spellvamp, MP+6 Int+6}
     1 | D        | Found the +27 heavy crossbow "Sniper" {heavy, Acc+∞ SInv}
     1 | D        | Found the +10 dark maul {heavy}
     1 | D        | Found the +15 Maxwell's patent armour {-Cast -Tele rElec
                  | Will+ rCorr}
     1 | D        | Found the +18 shield of the Gong {Loud rN+ Will+ rCorr
                  | EV-5}
     1 | D        | Found the +16 obsidian axe {drain, demonic, Mesm Drain Fly
                  | SInv}
     1 | D        | Found the +7 great mace "Firestarter" {flame, immolate,
                  | rFlCloud rF++}
     1 | D        | Found the +6 shillelagh "Devastator" {shatter}
     1 | D        | Found the +11 plutonium sword {Contam Stlth-}
     1 | D        | Found the +8 lance "Wyrmbane" {slay drac, rPois rF+ rC+
                  | AC+3}
     1 | D        | Found the +9 sword of Zonguldrok {reap}
     1 | D        | Found the +13 scythe of Curses {drain, curses, Drain}
     1 | D        | Found the +9 sword of Power {lifebolt}
     1 | D        | Found the +7 mace of Variability {chaos, chaos arc}
     1 | D        | Found the +11 Singing Sword {sonic wave}
     1 | D        | Found the +8 storm bow {elec, penet}
     4 | D        | Found an ancient bone altar of Kikubaaqudgha.
     4 | D        | Found a transporter.
     4 | D        | Found a corrupted altar of Lugonu.
     4 | D        | Found a viscous altar of Jiyva.
     4 | D        | Found a burning altar of Makhleb.
     4 | D        | Found a hazy altar of Hepliaklqana.
     4 | D        | Found an opulent altar of Gozag.
    43 | D        | Became a worshipper of Dithmenos the Shadowed
    88 | D        | Entered arena 2.
    88 | D        | Noticed a phantom
    88 | D        | Found a transporter.
   124 | D        | Killed a phantom
   125 | D        | Reached skill level 5 in Spellcasting
   125 | D        | Reached XP level 2. HP: 16/25 MP: 6/8
   125 | D        | Reached XP level 3. HP: 20/30 MP: 7/10
   125 | D        | Reached XP level 4. HP: 24/37 MP: 7/11
   178 | D        | Entered arena 3.
   178 | D        | Noticed a draconian
   178 | D        | Noticed a draconian
   178 | D        | Noticed a draconian
   178 | D        | Found a transporter.
   213 | D        | Slain by a draconian

Illustrated notes

Levels and vault maps discovered:
D:        sprint_v [room_start, room_1, room_2, room_3, room_4, room_5, room_6,
          room_7, room_8, room_9, room_10, room_11, room_12, room_13, room_14,
          room_15, room_16, room_17, room_18, room_19, room_20, room_21,
          room_22, room_23, room_24, room_25, room_26, room_27]

Skill      XL: |  1 |
---------------+----+-----
Poison Magic   | 3 |  3.1
Fighting       | 3 |  3.7
Short Blades   | 2 |  2.6
Long Blades    | 2 |  2.6
Axes           | 2 |  2.6
Maces & Flails | 2 |  2.6
Polearms       | 2 |  2.6
Staves         | 2 |  2.6
Ranged Weapons | 2 |  2.6
Throwing       | 2 |  2.6
Armour         | 2 |  2.6
Dodging        | 3 |  3.7
Stealth        | 3 |  3.6
Shields        | 2 |  2.6
Unarmed Combat | 2 |  2.6
Spellcasting   | 5 |  5.7
Hexes          | 2 |  2.1
Summonings     | 2 |  2.1
Necromancy     | 2 |  2.1
Translocations | 2 |  2.1
Transmutations | 2 |  2.1
Fire Magic     | 2 |  2.1
Ice Magic      | 2 |  2.1
Air Magic      | 2 |  2.1
Earth Magic    | 2 |  2.1
Invocations    | 3 |  3.0
Evocations     | 3 |  3.7
Conjurations   | |  5.9

Action                     |  1- 3 |  4- 6 || total
---------------------------+-------+-------++-------
  Melee: Club              |    32 |       ||    32
         Bite              |     6 |     1 ||     7
         Quick blade       |       |    19 ||    19
         Punch             |       |     1 ||     1
  Evoke: Wand              |       |     4 ||     4
    Use: Potion            |     2 |     5 ||     7
         Scroll            |       |     1 ||     1
   Stab: Sleeping          |     1 |     1 ||     2
 Armour: Shadow dragon sca |    34 |    18 ||    52
  Dodge: Dodged            |    16 |     9 ||    25
